 Dungeon Crawl Stone Soup version 0.30-a0-329-g85436e0a43 (webtiles) character file.

Game seed: 8284870995213228730

2433 ragingrage the Thaumaturge (level 9, -4/57 HPs)
             Began as a Mummy Wanderer on Oct 29, 2022.
             Was a Follower of Sif Muna.
             Shot with an arrow by a centaur (9 damage)
             ... on level 8 of the Dungeon.
             The game lasted 00:11:28 (10037 turns).

ragingrage the Thaumaturge (Mummy Wanderer)        Turns: 10037, Time: 00:11:29

Health: -4/57      AC:  5    Str: 13    XL:     9   Next: 24%
Magic:  9/21       EV: 15    Int: 21    God:    Sif Muna [*.....]
Gold:   439        SH:  0    Dex:  8    Spells: 5/24 levels left

rFire   x . .      SeeInvis .    s - staff of conjuration
rCold   + . .      Faith    +    (no shield)
rNeg    + + +      Spirit   .    h - +0 robe
rPois   ∞          Reflect  .    (no helmet)
rElec   .          Harm     .    e - +1 cloak
rCorr   .          Rampage  .    x - +0 pair of gloves
Will    +....                    (no boots)
Stlth   +.........               (no amulet)
HPRegen 0.29/turn                k - +4 ring of evasion
MPRegen 0.17/turn                (no ring)

@: no status effects
A: cold resistance 1, negative energy resistance 3, torment resistance 2, heat
vulnerability 1, in touch with death 1, no potions, faith
a: Renounce Religion, Channel Magic


You were on level 8 of the Dungeon.
You worshipped Sif Muna.
Sif Muna was aware of your devotion.
You visited 2 branches of the dungeon, and saw 9 of its levels.

You collected 439 gold pieces.

Inventory:

Hand Weapons
 a - a +0 war axe
 b - a +1 dagger of venom
 r - a +0 spear of venom
Missiles
 o - 14 poisoned darts (quivered)
 q - 4 throwing nets
 z - a curare-tipped dart
Armour
 e - a +1 cloak (worn)
 h - a +0 robe (worn)
 x - a +0 pair of gloves (worn)
 B - the +1 scale mail "Visifi" {Fly rC+ MP+9 Int-3}
   (You found it on level 7 of the Dungeon)

   Int:       It affects your intelligence (-3).
   rC:        It protects you from cold.
   MP:        It affects your magic capacity (+9).
   Fly:       It grants you flight.
Magical Staves
 s - a staff of conjuration (weapon)
Jewellery
 i - an amulet of guardian spirit
 k - a +4 ring of evasion (left hand)
Wands
 p - a wand of charming (2)
 u - a wand of flame (20)
 v - a wand of polymorph (13)
 y - a wand of quicksilver (9)
Scrolls
 c - a scroll of magic mapping {unknown}
 d - 5 scrolls of amnesia
 f - 3 scrolls of noise
 g - 5 scrolls of identify
 j - a scroll of brand weapon {unknown}
 l - 5 scrolls of teleportation
 m - 3 scrolls of enchant armour {unknown}
 n - 2 scrolls of blinking
 t - 2 scrolls of immolation {unknown}
 w - 2 scrolls of butterflies {unknown}
 A - a scroll of silence {unknown}


   Skills:
 - Level 1.5 Armour
 + Level 8.2 Spellcasting
 + Level 5.5 Conjurations
 + Level 7.9 Fire Magic
 - Level 1.0 Ice Magic
 - Level 1.0 Evocations


You had 5 spell levels left.
You knew the following spells:

 Your Spells              Type           Power      Damage    Failure   Level
a - Foxfire               Conj/Fire      100%       2x1d9     1%          1
b - Sticky Flame          Conj/Fire      53%        2d7       4%          4
c - Flame Wave            Conj/Fire      53%        2d13      4%          4
d - Fireball              Conj/Fire      26%        3d12      14%         5
e - Iskenderun's Battles  Conj           48%        2d10      22%         5

Your spell library contained the following spells:

 Spells                   Type           Power      Damage    Failure   Level
 Freeze                   Ice            48%        1d6       5%          1
 Ensorcelled Hibernation  Hex/Ice        20%        N/A       10%         2
 Frozen Ramparts          Ice            24%        1d4       16%         3
 Portal Projectile        Hex/Tloc       16%        N/A       24%         3
 Tukima's Dance           Hex            8%         N/A       24%         3
 Anguish                  Hex/Necr       6%         N/A       61%         4
 Conjure Ball Lightning   Conj/Air       15%        3x3d6     98%         6
 Orb of Destruction       Conj           24%        9d9       100%        7
 Spider Form              Tmut/Pois      Unusable   N/A       N/A         3
 Blade Hands              Tmut           Unusable   N/A       N/A         5

Dungeon Overview and Level Annotations

Branches:
Dungeon (8/15)             Temple (1/1) D:7
   Lair: D:8-11

Altars:
Ashenzari
Cheibriados
Gozag
Kikubaaqudgha
Makhleb
Okawaru
Qazlal
Ru
Sif Muna
Trog
Uskayaw
Vehumet
Xom
Yredelemnul

Annotations:
D:3 1 runed translucent door, CertainDeath's ghost, weakling TrFi
D:6 2 transporters
D:7 3 runed translucent doors, lunkers's ghost, novice MeEE; valliere's ghost, novice HOMo


Innate Abilities, Weirdness & Mutations

You are immune to poison.
Your flesh is cold resistant. (rC+)
You are immune to negative energy. (rN+++)
You are immune to unholy pain and torment.
You are vulnerable to heat. (rF-)
You are in touch with the powers of death.
You do not drink.
You have a special connection with the divine. (Faith)


Message History

Press: ? - help, Dir - look around, f - activate You feel a surge of power!
A wave of flame ripples out!
The flame wave engulfs your foxfire.
Your foxfire completely resists.
The flame wave engulfs your foxfire.
Your foxfire completely resists.
The flame wave engulfs the slime creature!
The slime creature is severely wounded. (Press . to intensify the flame waves.)
You hear a shout! x5
The slime creature burns!
The slime creature hits you!
A wave of flame ripples out!
The flame wave engulfs your foxfire.
Your foxfire completely resists.
The flame wave engulfs your foxfire.
Your foxfire completely resists.
The flame wave engulfs the slime creature!
The slime creature is severely wounded.
You hear a shout! x3
The slime creature burns!
A centaur comes into view.
The slime creature hits you!
A wave of flame ripples out!
The flame wave engulfs your foxfire.
Your foxfire completely resists.
The flame wave engulfs your foxfire.
Your foxfire completely resists.
The flame wave engulfs the slime creature!
You kill the slime creature!
Sif Muna accepts your kill.
You finish channelling waves of flame.
You hear a shout! x2
The centaur wields a +0 shortbow of flaming.
It bursts into flame!
The centaur shoots an arrow.
The arrow hits you! The arrow burns you.
An ice beast comes into view.
The foxfire hits the centaur!
The centaur is moderately wounded.
The centaur shoots an arrow.
The arrow hits you!
* * * LOW HITPOINT WARNING * * *
The arrow burns you!
You die...

†......# .......#
# .# ......#####
#. .
..........#######.
.#
.>.....##......#..
.
.......#######.#.#
.# .......#
#.#.###.# .....<.#
#.#.#...# Y
.!......#
#..@#..#..!#
.....##....
###§§§.c...#
###### ###...
#§####...+ #. #.#
#.# ..# # ...#
###.# #.. ...


You could see a centaur.

Vanquished Creatures
  A slime creature (D:8)
  A water moccasin (D:6)
  A sky beast (D:7)
  An ice beast (D:5)
  A black bear (D:4)
  2 ogres
  A kobold brigand (D:7)
  5 phantoms
  A bullfrog (D:6)
  2 gnoll sergeants (D:7)
  3 necrophages
  2 scorpions (D:5)
  2 hounds (D:5)
  2 orc priests (D:5)
  A gnoll bouda (D:6)
  7 orc wizards
  5 iguanas
  6 adders
  16 gnolls
  A white imp (D:6)
  2 ufetubi
  4 dart slugs
  14 orcs
  3 ball pythons
  6 endoplasms
  5 giant cockroaches
  8 hobgoblins
  11 jackals
  15 kobolds
  6 bats
  A frilled lizard (D:1)
  5 goblins
  5 rats
146 creatures vanquished.

Vanquished Creatures (others)
  683 foxfires
683 creatures vanquished.

Grand Total: 829 creatures vanquished

Notes
Turn   | Place    | Note
-------+----------+-------------------------------------------
     0 | D:1      | ragingrage the Mummy Wanderer began the quest for the Orb.
     0 | D:1      | ragingrage set off with the following items: a +0 club, a
                  | scroll of blinking, a +0 scale mail; and the following
                  | spells available to memorise: Foxfire, Freeze, Frozen
                  | Ramparts, Flame Wave, Sticky Flame.
     0 | D:1      | Reached XP level 1. HP: 13/13 MP: 2/2
    32 | D:1      | Learned a level 1 spell: Foxfire
   297 | D:1      | Reached XP level 2. HP: 16/19 MP: 2/4
   539 | D:1      | Found a faded altar of an unknown god.
   614 | D:1      | Gained mutation: You are in touch with the powers of death.
                  | [Mummy growth]
   614 | D:1      | Reached XP level 3. HP: 24/24 MP: 0/5
   947 | D:2      | Reached skill level 5 in Fire Magic
  1847 | D:2      | Reached XP level 4. HP: 30/30 MP: 2/6
  2438 | D:3      | Found a sacrificial altar of Ru.
  2668 | D:3      | Found a runed translucent door.
  2668 | D:3      | Noticed CertainDeath's ghost (weakling TrFi)
  2800 | D:3      | Noticed a necrophage
  2807 | D:3      | Killed a necrophage
  2808 | D:3      | Reached skill level 2 in Spellcasting
  2808 | D:3      | Reached skill level 1 in Conjurations
  2808 | D:3      | Reached XP level 5. HP: 29/35 MP: 0/8
  3093 | D:3      | HP: 1/35 [necrophage (6)]
  3128 | D:2      | Learned a level 4 spell: Sticky Flame
  3133 | D:2      | Learned a level 4 spell: Flame Wave
  3463 | D:3      | Reached skill level 3 in Spellcasting
  3676 | D:4      | Reached XP level 6. HP: 41/41 MP: 0/10
  4190 | D:4      | Reached skill level 4 in Spellcasting
  4304 | D:4      | Reached XP level 7. HP: 46/46 MP: 7/13
  5138 | D:5      | Entered Level 5 of the Dungeon
  5287 | D:4      | Learned a level 5 spell: Fireball
  5293 | D:5      | Reached skill level 5 in Spellcasting
  5347 | D:5      | Noticed a +0 short sword
  5347 | D:5      | Noticed a +0 falchion
  5348 | D:5      | Noticed a +0 spear
  5349 | D:5      | Noticed a +0 spear
  5349 | D:5      | Noticed a +0 dagger
  5349 | D:5      | Noticed a +0 dagger
  5349 | D:5      | Noticed a +0 short sword
  5350 | D:5      | Noticed a +0 falchion
  5594 | D:5      | Found a hide-covered altar of Uskayaw.
  5982 | D:5      | Reached XP level 8. HP: 44/52 MP: 14/16
  6156 | D:5      | Reached skill level 6 in Spellcasting
  7620 | D:6      | Reached skill level 7 in Spellcasting
  7689 | D:6      | Found a transporter.
  7696 | D:6      | Learned a level 5 spell: Iskenderun's Battlesphere
  7840 | D:6      | Found a transporter.
  8387 | D:7      | Found a staircase to the Ecumenical Temple.
  8403 | Temple   | Entered the Ecumenical Temple
  8619 | Temple   | Became a worshipper of Sif Muna the Loreminder
  8752 | D:7      | Reached skill level 5 in Conjurations
  8996 | D:7      | Reached XP level 9. HP: 52/57 MP: 12/20
  9201 | D:7      | Reached * piety under Sif Muna
  9526 | D:7      | Found an ancient bone altar of Kikubaaqudgha.
  9527 | D:7      | Identified the +1 scale mail "Visifi" {Fly rC+ MP+9 Int-3}
  9659 | D:7      | Found a runed translucent gate.
  9659 | D:7      | Found a runed translucent gate.
  9659 | D:7      | Found a runed translucent gate.
  9872 | D:7      | Noticed valliere's ghost (novice HOMo)
  9873 | D:7      | Noticed lunkers's ghost (novice MeEE)
  9961 | D:8      | Reached skill level 8 in Spellcasting
 10037 | D:8      | Shot with an arrow by a centaur

Illustrated notes

Levels and vault maps discovered:
D:1:      ebering_trefoil_twist, layout_loops_ring,
          dreamdust_ecumenical_altar_angels_and_demons
D:2:      layout_basic, serial_aquarium, aquarium_bridge_island_large
          [aquarium_subvault_large_water, aquarium_subvault_window,
          aquarium_subvault_bridge, aquarium_subvault_bridge,
          aquarium_subvault_bridge], aquarium_window_corridor_1,
          aquarium_window_1, aquarium_window_fake, aquarium_window_corner,
          aquarium_view_2f, aquarium_balcony_1a
D:3:      layout_rooms, nicolae_ru_awakened_eye, hellmonk_ghost_happy_afterlife
D:4:      layout_basic
D:5:      layout_loops_ring, nicolae_uskayaw_en_pointe
D:6:      gammafunk_cloud_chamber, layout_loops_ring, chequers_decorated_corner
D:7:      layout_loops_ring, nicolae_overflow_crystal_walls,
          minmay_temple_entry_slanted, gammafunk_ghost_cemetery
D:8:      layout_rooms, grunt_dithmenos_smoke, nicolae_overflow_two_pavilions,
          hellmonk_lair_entry_icy, minmay_fractal_squares_diagonal_5
Temple:   nicolae_temple_bog_church

Skill      XL: |  1  2  3  4  5  6  7  8  9 |
---------------+----------------------------+-----
Fire Magic     | 5 6 7 |  7.9
Spellcasting   | 2 3 4 5 7 8 |  8.2
Conjurations   | 1 2 3 5 |  5.5
Armour         | |  1.5
Ice Magic      | |  1.0
Evocations     | |  1.0

Action                   |  1- 3 |  4- 6 |  7- 9 || total
-------------------------+-------+-------+-------++-------
Melee: War axe           |    53 |     3 |       ||    56
       Club              |     8 |       |       ||     8
       Punch             |     1 |       |       ||     1
       Dagger            |       |    17 |     8 ||    25
       Staff             |       |       |    38 ||    38
Throw: Dart              |       |       |     1 ||     1
 Cast: Foxfire           |    63 |   121 |   231 ||   415
       Sticky Flame      |       |     1 |    14 ||    15
       Flame Wave        |       |       |     6 ||     6
Evoke: Wand              |       |     2 |       ||     2
  Use: Scroll            |       |       |     3 ||     3
Armor: Scale mail        |    11 |       |       ||    11
       Robe              |    28 |    11 |    12 ||    51
Dodge: Dodged            |    46 |    20 |    66 ||   132

Table legend: (Time is in decaauts)
 A = Elapsed time spent in this place.
 B = Non-inter-level travel time spent in this place.
 C = Inter-level travel time spent in this place.
 D = Time resting spent in this place.
 E = Time spent auto-exploring this place.
 F = Levels seen in this place.
 G = Mean time per level.
                   A        B        C        D        E       F      G
               +--------+--------+--------+--------+--------+-----+--------+
         Total |  10092 |   9538 |    554 |   1699 |   6438 |   9 | 1121.3 |
       Dungeon |   9842 |   9327 |    515 |   1699 |   6240 |   8 | 1230.2 |
        Temple |    250 |    211 |     39 |      0 |    197 |   1 |  250.0 |
               +--------+--------+--------+--------+--------+-----+--------+

Top non-repeatable levels by time:
     D:6: 1657 daAuts
     D:3: 1657 daAuts
     D:5: 1507 daAuts
     D:4: 1411 daAuts
     D:7: 1323 daAuts
     D:2: 1228 daAuts
     D:1: 972 daAuts
  Temple: 250 daAuts
     D:8: 84 daAuts
